 Dungeon Crawl Stone Soup version 0.27.1-3-gb3d3a73c9e (webtiles) character file.

Game seed: 15839341833730946276

52 Descartes the Sneak (level 3, 0/16 HPs)
             Began as a Felid Wanderer on Oct 16, 2021.
             Was an Initiate of Gozag.
             Slain by an adder (3 damage)
             ... on level 1 of the Dungeon.
             The game lasted 00:03:57 (1909 turns).

Descartes the Sneak (Felid Wanderer)                Turns: 1909, Time: 00:03:59

Health: 0/16       AC:  1    Str:  9    XL:     3   Next: 60%
Magic:  0/5        EV: 15    Int: 15    God:    Gozag
Gold:   86         SH:  0    Dex: 13    Spells: 3/4 levels left
                                        Lives:  0   Deaths: 0

rFire    . . .     SeeInvis +     - Unarmed
rCold    . . .     Faith    .   (shield unavailable)
rNeg     . . .     Spirit   .   (armour unavailable)
rPois    .         Reflect  .   (helmet unavailable)
rElec    .         Harm     .   (cloak unavailable)
rCorr    .         Rampage  .   (gloves unavailable)
Will     .....                  (boots unavailable)
Stlth    ++........             (no amulet)
HPRegen  0.05/turn              (no ring)
MPRegen  0.09/turn              (no ring)

@: quick
A: very small, claws 1, fangs 3, see invisible, speed 1, shaggy fur 1, stealthy
paws, no weapons or thrown items, no armour, multi-lived
a: Renounce Religion, Potion Petition, Call Merchant, Bribe Branch


You were on level 1 of the Dungeon.
You worshipped Gozag.
Gozag was noncommittal.
You visited 1 branch of the dungeon, and saw 2 of its levels.

You collected 86 gold pieces.

Inventory:

Scrolls
 c - a scroll of noise {unknown}
Potions
 a - a potion of lignification
 b - a potion of ambrosia {unknown}


   Skills:
 - Level 2.0 Fighting
 + Level 3.7 Stealth
 - Level 1.0 Unarmed Combat
 - Level 1.0 Spellcasting
 + Level 3.5 Conjurations
 - Level 1.0 Necromancy
 - Level 1.1 Evocations


You had 3 spell levels left.
You knew the following spells:

 Your Spells              Type           Power      Damage    Failure   Level
a - Magic Dart            Conj           44%        1d5       6%          1

Your spell library contained the following spells:

 Spells                   Type           Power      Damage    Failure   Level
 Searing Ray              Conj           22%        3d3       9%          2
 Sandblast                Erth           0%         2d4       24%         1
 Dazzling Flash           Conj/Hex       12%        N/A       34%         3
 Stone Arrow              Conj/Erth      12%        3d7       34%         3
 Fulminant Prism          Conj/Hex       3%         3d6       75%         4
 Iskenderun's Mystic Bla  Conj/Tloc      6%         2d4       75%         4


Dungeon Overview and Level Annotations

Branches:
Dungeon (2/15)

Altars:
Gozag

Annotations:
D:2 Sigmund


Innate Abilities, Weirdness & Mutations

You have sharp claws.
You have razor-sharp teeth.
You have supernaturally acute eyesight. (SInv)
You cover ground quickly. (Speed+)
You are covered in fur. (AC +1)
Your paws help you pounce on unaware monsters.
You are incapable of wielding weapons or throwing items.
You cannot wear armour.
You gain extra lives every three experience levels.


Message History

You climb upwards.
There is a stone staircase leading down here.
Casting: Magic Dart (safe; 6% risk of failure)
Confirm with . or Enter, or press ? or * to list all spells.
Aiming: Magic Dart (safe; 6% risk of failure)
Press: ? - help, Shift-Dir - straight line, f - adder
Aim: an adder (lightly wounded, 100% to hit)
The magic dart hits the adder.
The adder is moderately wounded.
The adder barely misses you.
Casting: Magic Dart (safe; 6% risk of failure)
Confirm with . or Enter, or press ? or * to list all spells.
Aiming: Magic Dart (safe; 6% risk of failure)
Press: ? - help, Shift-Dir - straight line, f/p - adder
Aim: an adder (moderately wounded, 100% to hit)
The magic dart hits the adder.
The adder is severely wounded.
The adder barely misses you. The adder bites you.
Your magical contamination has completely faded away.
You closely miss the adder.
The adder is severely wounded.
The adder closely misses you.
You closely miss the adder.
The adder is severely wounded.
The adder bites you.
You completely miss the adder.
The adder is severely wounded.
The adder barely misses you. The adder misses you. The adder bites you.
* * * LOW HITPOINT WARNING * * *
Casting: Magic Dart (safe; 6% risk of failure)
Confirm with . or Enter, or press ? or * to list all spells.
Aiming: Magic Dart (safe; 6% risk of failure)
Press: ? - help, Shift-Dir - straight line, f/p - adder
Aim: an adder (severely wounded, 100% to hit)
The magic dart hits the adder.
The adder is severely wounded.
The adder bites you.
You die...
Your body crumbles into a pile of gold.

..##.#####..........#
.)..#...##..........#
##.##.P.##..........#
##P...P..#.........#
###.......#.........#
#.#.....PP#........##
##.........#......##
##...P...P.#####S##
.#......P.P# #@#
##PP.......# #.#
#####_##### #.#
#.........#####.#
#P..PPPP..#..(..##
#PP.......#......##
##.........#.......#
..#..P....#........#
#.#.......#........#


You could see an adder.

Vanquished Creatures
  2 adders (D:2)
  A dart slug (D:1)
  3 ball pythons
  2 endoplasms (D:1)
  2 giant cockroaches (D:1)
  4 goblins
  2 hobgoblins
  4 jackals (D:1)
  A quokka (D:1)
  3 bats
  3 frilled lizards (D:1)
  4 rats (D:1)
31 creatures vanquished.

Vanquished Creatures (others)
  4 demonic plants (D:1)
  A fungus (D:1)
  3 plants (D:1)
  A withered plant (D:1)
9 creatures vanquished.

Grand Total: 40 creatures vanquished

Notes
Turn   | Place    | Note
-------+----------+-------------------------------------------
     0 | D:1      | Descartes the Felid Wanderer began the quest for the Orb.
     0 | D:1      | Descartes set off with the following items: a potion of
                  | lignification; and the following spells available to
                  | memorise: Magic Dart, Searing Ray, Sandblast, Dazzling
                  | Flash, Stone Arrow, Fulminant Prism, Iskenderun's Mystic
                  | Blast
     0 | D:1      | Reached XP level 1. HP: 9/9 MP: 3/3
     2 | D:1      | Learned a level 1 spell: Magic Dart
   302 | D:1      | Found a faded altar of an unknown god.
   510 | D:1      | Reached XP level 2. HP: 13/13 MP: 0/4
   977 | D:1      | Became a worshipper of Gozag Ym Sagoz the Greedy
  1255 | D:1      | Reached XP level 3. HP: 5/16 MP: 0/5
  1694 | D:2      | Noticed Sigmund
  1909 | D:1      | Slain by an adder

Illustrated notes

Levels and vault maps discovered:
D:1:      lightli_iron_boxes, layout_rooms, shapermc_ecumenical_altar_gd,
          minmay_misc_feat_room
D:2:      layout_loops_corners, nrook_campfire, uniq_crazy_yiuf_cottage,
          uniq_sigmund

Skill      XL: |  1  2 |
---------------+-------+-----
Stealth        | 2 3 |  3.7
Conjurations   | 3 |  3.5
Fighting       | |  2.0
Unarmed Combat | |  1.0
Spellcasting   | |  1.0
Necromancy     | |  1.0
Evocations     | |  1.1

Action                   || total
-------------------------++-------
Melee: Unarmed           ||    29
       Punch             ||     1
       Bite              ||     1
 Cast: Magic Dart        ||    60
Armor: Skin              ||     3
Dodge: Dodged            ||    28
